 Dungeon Crawl Stone Soup version 0.20.1-1-g8b1a95d (webtiles) character file.

723294 Gargoyl the Minotaur Barricade (level 27, -4/235 (245) HPs)
             Began as a Minotaur Abyssal Knight on Oct 13, 2017.
             Was an Elder of Lugonu.
             Killed from afar by a Brimstone Fiend (37 damage)
             ... with damnation
             ... on level 7 of Gehenna on Oct 14, 2017.
             The game lasted 04:38:30 (88844 turns).

Gargoyl the Minotaur Barricade (MiAK)              Turns: 88844, Time: 04:38:30

HP:   -4/235 (245)  AC: 53    Str: 37    XL:     27
MP:   41/41         EV: 12    Int:  6    God:    Lugonu [****..]
Gold: 6932          SH: 28    Dex: 19    Spells: 26/26 levels left

rFire    + + +     SeeInvis .   Y - +5 war axe (venom)
rCold    . . .     Gourm    .   L - +5 shield {rF+}
rNeg     + + +     Faith    .   j - +6 crystal plate armour
rPois    +         Spirit   .   p - +4 hat of Pusuwk {Regen+ Str+7 Int-4}
rElec    +         Reflect  +   v - +2 cloak
rCorr    .         Harm     .   n - +2 pair of gloves {Str+3}
MR       ++...     Rnd*Rage +   O - +2 pair of boots {run}
Stlth    ..........             b - amulet "Plog" {Reflect rC- rN++ SH+2}
Regen    0.9/turn               W - ring of Fukkuf {rPois rN+ Int-2}
MPRegen  0.3/turn               X - ring "Haoqon" {rF++ Int+3 Dex+4}

@: quick
A: retaliatory headbutt, beak, horns 2, berserk 1, blurry vision 1, cold
resistance 1, fire resistance 1, frail 1, high mp 1, electricity resistance,
strong 1, subdued magic 1
}: 3/15 runes: serpentine, barnacled, silver
a: Depart the Abyss, Bend Space, Banish, Corrupt, Renounce Religion


You were on level 7 of Gehenna.
You worshipped Lugonu.
Lugonu was greatly pleased with you.
You were hungry.

You visited 11 branches of the dungeon, and saw 51 of its levels.
You visited the Abyss 10 times.
You visited 1 bazaar.
You also visited: Volcano.

You collected 9914 gold pieces.
You spent 2982 gold pieces at shops.

Inventory:

Hand Weapons
 k - a +3 broad axe
 r - a +2 broad axe of flaming
 D - the +6 trident of Exquisite Death {pierce, rF- rN+ Dex+4}
   (You found it on level 10 of the Dungeon)

   It inflicts extra damage upon your enemies.
   It affects your dexterity (+4).
   It makes you vulnerable to fire.
   It protects you from negative energy.
 Y - a +5 war axe of venom (weapon)
Missiles
 y - 16 javelins of returning (quivered)
Armour
 j - a +6 crystal plate armour (worn)
 n - a +2 pair of gloves of strength (worn)
 p - the +4 hat of Pusuwk (worn) {Regen+ Str+7 Int-4}
   (You acquired it on level 2 of the Orcish Mines)

   It affects your strength (+7).
   It affects your intelligence (-4).
   It increases your rate of regeneration.
 v - a +2 cloak (worn)
 L - a +5 shield of fire resistance (worn)
 O - a +2 pair of boots of running (worn)
Jewellery
 b - the amulet "Plog" (around neck) {Reflect rC- rN++ SH+2}
   (You took it off an ogre mage on level 3 of the Depths)

   [amulet of reflection]

   It shields you and reflects attacks.
   It makes you vulnerable to cold.
   It greatly protects you from negative energy.
   It affects your SH (+2).
 u - the ring "Bafitim" {Int+4 Dex+2 Stlth+}
   (You took it off an ogre mage on level 2 of the Depths)

   [ring of intelligence]

   It affects your intelligence (+4).
   It affects your dexterity (+2).
   It makes you more stealthy.
 U - a +5 amulet of reflection
 W - the ring of Fukkuf (left hand) {rPois rN+ Int-2}
   (You bought it in a shop on level 1 of the Orcish Mines)

   [ring of intelligence]

   It affects your intelligence (-2).
   It protects you from poison.
   It protects you from negative energy.
 X - the ring "Haoqon" (right hand) {rF++ Int+3 Dex+4}
   (You found it on level 6 of the Lair of Beasts)

   [ring of intelligence]

   It affects your intelligence (+3).
   It affects your dexterity (+4).
   It greatly protects you from fire.
Wands
 f - a wand of digging (15/24)
Scrolls
 h - 2 scrolls of silence
 m - a scroll of summoning
 o - 14 scrolls of recharging
 q - 7 scrolls of immolation
 x - 6 scrolls of fog
 A - 10 scrolls of magic mapping
 B - 6 scrolls of teleportation
 G - 2 scrolls of holy word
 Q - 20 scrolls of remove curse
 T - 11 scrolls of identify
 V - a scroll of blinking
 Z - a scroll of fear
Potions
 e - a potion of might
 l - 9 potions of agility
 t - 2 potions of cancellation
 w - 3 potions of resistance
 z - 3 potions of invisibility
 C - 3 potions of brilliance
 F - 4 potions of curing
 H - a potion of mutation
 I - 4 potions of berserk rage
 J - 4 potions of ambrosia
 N - 5 potions of haste
 P - 4 potions of flight
 R - 3 potions of magic
Miscellaneous
 d - the horn of Geryon
Comestibles
 g - 23 meat rations


   Skills:
 O Level 27 Fighting
 O Level 27 Axes
 + Level 2.4 Throwing
 O Level 27 Armour
 + Level 4.5 Dodging
 O Level 27 Shields
 * Level 23.2 Invocations
 + Level 1.0 Evocations


You had 26 spell levels left.
You didn't know any spells.

Dungeon Overview and Level Annotations

Branches:
Dungeon (15/15)            Temple (0/1) D:4            Lair (6/6) D:10
 Shoals (4/4) Lair:3        Snake (4/4) Lair:2        Slime (0/5) Lair:6
    Orc (2/2) D:9             Elf (3/3) Orc:2        Vaults (5/5) D:14
  Crypt (1/3) Vaults:3     Depths (3/5) D:15           Hell (1/1)
    Dis (0/7) Hell            Geh (7/7) Hell            Coc (0/7) Hell
    Tar (0/7) Hell

Altars:
Ashenzari
Fedhas
Gozag
Hepliaklqana
Kikubaaqudgha
Makhleb
Nemelex Xobeh
Qazlal
Sif Muna
Trog
Uskayaw
Xom
Beogh
Jiyva

Shops:
D:6 :   D:7 *[   Orc:1 =   Orc:2 %?[[   Shoals:1 %   Shoals:4 %   Vaults:1 =
Depths:2 [

Portals:
Hell: Depths:1 Depths:2 Depths:3
Abyss: Depths:2 Depths:3
Pandemonium: Depths:3
Bazaar: Vaults:1

Annotations:
Vaults:5 corrupted
Geh:7 Asmodeus


Innate Abilities, Weirdness & Mutations

You reflexively headbutt those who attack you in melee.
You have a pair of horns on your head.
You have a beak for a mouth.
You tend to lose your temper in combat.
Scrolls take you a little longer to read.
Your flesh is cold resistant. (rC+)
Your flesh is heat resistant. (rF+)
You are frail. (-10% HP)
You have an increased reservoir of magic. (+10% MP)
You are resistant to electric shocks. (rElec)
Your muscles are strong. (Str +2)
Your spells are a little easier to cast, but a little less powerful.


Message History

Okay, then.
Okay, then.
Really read with blurry vision while enemies are nearby?
The Brimstone Fiend gestures at you.
The sphere of damnation explodes!
The damnation engulfs Asmodeus.
Asmodeus completely resists.
The damnation engulfs the Brimstone Fiend.
The Brimstone Fiend completely resists.
The damnation engulfs you!
* * * LOW HITPOINT WARNING * * *
The damnation engulfs the Brimstone Fiend.
The Brimstone Fiend completely resists.
The Brimstone Fiend completely misses you.
You furiously retaliate!
You headbutt the Brimstone Fiend, but do no damage.
You block the Brimstone Fiend's attack. The Brimstone Fiend barely misses you.
Asmodeus shouts, "Thy viscera shall be my luncheon!"
You begin reading the scroll.
You continue reading the scroll.
Asmodeus gestures.
The Brimstone Fiend gestures at you.
The sphere of damnation explodes!
The damnation engulfs you!
You die...

####'#######..### #§§§
####..........#..# #§§≈
...'.....####.#..# #≈≈≈
.###.....#|.'.#..# #≈≈≈
.###.....#[}')#..# #≈≈≈
'#.'.....####.#..# # #≈≈≈
)#.').........#..# .# #≈≈≈
)#.############..# ..# #≈≈≈
.#.#..........#§@# .1.# #≈≈≈
.#.'..........#1&#§.§§# ####§≈≈
##.'..........#§3§§.§.# #§§≈§≈≈≈≈
§###..........#R.#R..§# #≈≈≈≈≈≈≈≈
≈# #..........######### #≈≈≈≈≈≈§§
≈# #..........# ####≈≈≈§§§§§
≈############)##§≈≈§§≈≈≈≈≈≈§≈≈≈≈§
≈≈≈§≈≈≈§≈≈≈#.).#≈≈§§≈≈≈§§§§§§§≈≈.
≈≈≈≈≈§§§§≈§#...#≈≈≈≈≈§≈§§§≈≈≈§≈..


You could see Asmodeus, a Brimstone Fiend, a sun demon and 2 efreet.

Vanquished Creatures
  3 ancient liches
  2 juggernauts
  Sojobo (Vaults:4)
  Saint Roka (Elf:2)
  A caustic shrike (Depths:3)
  Frederick (Vaults:2)
  Geryon (Hell)
  Nikola (Snake:1)
  The ghost of bartek7090 the Slayer, a veteran GrFi of Lugonu (Vaults:5)
  Jory (Vaults:4)
  A golden dragon (Vaults:5)
  A hellephant (Abyss:1)
  6 bone dragons
  25 Brimstone Fiends
  Jorgrun (Depths:2)
  8 tentacled monstrosities
  A Hell Sentinel (Geh:4)
  3 deep elf blademasters
  A quicksilver dragon (Vaults:5)
  7 titans
  Asterion (Depths:1)
  15 liches
  2 Executioners
  21 tentacled starspawn
  Polyphemus (Shoals:3)
  The ghost of letownia the Black Belt, an adept OpTm of Gozag (Shoals:4)
  2 krakens
  2 deep elf master archers (Elf:3)
  An eldritch tentacle (Geh:2)
  5 sphinxes
  Kirke (Shoals:4)
  7 shadow dragons
  A revenant (Abyss:1)
  4 storm dragons
  Ilsuiw (Shoals:4)
  The ghost of tailblues the Thaumaturge, an adept DgWz (Snake:1)
  11 tengu reavers
  Roxanne (D:14)
  6 nagarajas (Snake:4)
  16 fire giants
  A draconian knight (Abyss:1)
  7 frost giants
  A ghost moth (Abyss:3)
  An iron dragon (Depths:3)
  A juggernaut zombie (Depths:2)
  18 balrugs
  6 deep elf sorcerers
  A cacodemon (Depths:3)
  20 vault wardens
  4 deep elf elementalists
  2 angels
  A curse skull (Crypt:1)
  A ghoul (Crypt:1)
  3 spriggan defenders (Depths:3)
  14 reapers
  Louise (D:14)
  2 ophanim (Abyss:2)
  13 stone giants
  3 entropy weavers
  The ghost of LittCuttar the Severer, a journeyman MiFi of Okawaru (D:14)
  25 ironheart preservers
  2 war gargoyles
  Azrael (D:14)
  29 very ugly things
  6 vampire knights
  5 deep elf demonologists
  7 deep elf annihilators
  4 spark wasps
  A dire elephant (Abyss:1)
  A yellow draconian (Abyss:1)
  2 blizzard demons
  An eidolon (Abyss:1)
  6 merfolk javelineers
  7 deep elf death magi
  A green death (Abyss:1)
  A mummy priest (Depths:3)
  14 ettins
  8 merfolk impalers (Shoals:4)
  26 yaktaur captains
  4 deep elf high priests
  9 fire dragons
  2 quicksilver dragon zombies
  A kraken zombie (Hell)
  6 great orbs of eyes
  2 hydras (D:13)
  46 vault guards
  12 ice dragons
  4 quicksilver dragon skeletons
  A spriggan air mage (Depths:3)
  19 naga warriors
  5 rakshasas
  6 merfolk aquamancers
  4 catoblepae
  15 centaur warriors
  3 merfolk avatars
  14 deep troll shamans
  60 two-headed ogres
  2 alligator snapping turtles
  12 anacondas
  11 naga sharpshooters
  17 ogre magi
  A two-headed ogre (shapeshifter) (Vaults:1)
  19 death yaks
  9 tengu warriors
  A satyr (Shoals:4)
  8 titan zombies
  2 vampire magi
  A death knight (Vaults:1)
  44 hell hogs
  6 deep troll earth magi
  29 dancing weapons
  20 thrashing horrors
  An orc high priest (Vaults:2)
  4 shock serpents
  22 deep elf knights
  An iron golem (Geh:6)
  73 hell knights
  7 soul eaters
  2 spriggan berserkers
  8 iron trolls
  36 sun demons
  Sonja (D:13)
  4 titan skeletons
  13 wretched stars
  4 storm dragon zombies
  9 sixfirhies
  5 shadow wraiths
  28 deep trolls
  A death drake (Abyss:2)
  4 golden dragon zombies
  3 salamander mystics
  15 skeletal warriors
  A ghost moth zombie (Crypt:1)
  36 large abominations
  An anaconda zombie (Abyss:1)
  12 sea snakes
  3 storm dragon skeletons
  25 starcursed masses
  6 spatial maelstroms
  A shadow demon (Abyss:3)
  A glowing orange brain (shapeshifter) (Vaults:4)
  12 glowing orange brains
  6 unseen horrors
  A shambling mangrove (Abyss:1)
  2 death drakes (shapeshifter)
  12 flayed ghosts
  4 anaconda skeletons
  7 wizards
  4 phantasmal warriors
  12 naga ritualists
  8 deep elf archers
  24 ironbrand convokers
  2 harpies (shapeshifter)
  An iron dragon zombie (Geh:4)
  An orb spider (shapeshifter) (Abyss:1)
  26 necromancers
  3 fire giant zombies
  19 orc knights
  14 harpies
  4 stone giant zombies
  4 wolf spider zombies
  3 oklob plants (Lair:1)
  64 deep elf magi
  3 golden dragon skeletons
  9 mana vipers
  6 frost giant zombies
  A human zombie (Vaults:4)
  13 fauns
  7 orc sorcerers
  4 shadow dragon skeletons
  8 salamanders
  A manticore (shapeshifter) (Abyss:2)
  54 ugly things
  5 human skeletons
  9 worldbinders
  4 wolf spiders
  16 manticores
  14 cyclopes
  11 elephants
  A faun (shapeshifter) (Depths:2)
  4 rust devils
  7 merfolk sirens
  A shock serpent zombie (Geh:1)
  5 spriggan zombies (Hell)
  7 guardian serpents
  2 fire giant skeletons
  6 centaur zombies
  29 vault sentinels
  2 ice statues (Hell)
  2 iron dragon skeletons
  3 orange demons
  2 apocalypse crabs
  23 naga magi
  A spiny frog (shapeshifter) (Vaults:4)
  7 water nymphs
  10 molten gargoyles
  4 stone giant skeletons
  25 smoke demons
  5 frost giant skeletons
  4 dire elephant zombies
  35 black mambas
  A guardian serpent (shapeshifter) (Elf:1)
  7 spiny frogs
  3 gargoyles
  A torpor snail (shapeshifter) (Vaults:5)
  A white draconian zombie (Geh:7)
  A kobold demonologist (D:14)
  11 freezing wraiths
  5 centaur skeletons
  2 demonic crawlers
  3 ice devils
  A redback zombie (D:11)
  12 tormentors
  4 komodo dragons
  42 yaktaurs
  35 hellions
  4 rime drakes
  An anaconda simulacrum (Hell)
  A spark wasp simulacrum (Depths:2)
  8 efreet
  7 hellwings
  2 yaktaur skeletons
  8 tengu conjurers
  A golden dragon simulacrum (Vaults:4)
  A queen bee (Depths:3)
  A ghost moth simulacrum (Abyss:2)
  5 hydra zombies
  A harpy zombie (Hell)
  A wind drake (shapeshifter) (D:15)
  A meliai (shapeshifter) (Elf:1)
  13 ancient zymes
  46 red devils
  A minotaur zombie (Geh:1)
  6 trolls
  A polar bear (shapeshifter) (Vaults:4)
  A troll (shapeshifter) (Vaults:4)
  4 tyrant leeches (Depths:1)
  20 merfolk
  4 wind drakes
  2 polar bears
  9 hornets
  2 harpy skeletons
  An ice dragon zombie (Geh:2)
  A blink frog (shapeshifter) (Depths:3)
  18 blink frogs
  6 hydra skeletons
  36 raiju
  8 ettin zombies
  A fire dragon zombie (Hell)
  2 bog bodies (Crypt:1)
  20 dream sheep
  A human simulacrum (Vaults:3)
  3 alligator zombies
  14 hippogriffs
  6 snapping turtles
  26 slime creatures
  7 ettin skeletons
  2 fire dragon skeletons
  3 spriggans
  12 shadows
  A tarantella (Vaults:3)
  A tarantella (shapeshifter) (D:15)
  17 water elementals
  3 air elementals
  4 wyverns
  2 alligator skeletons
  74 flying skulls
  11 redbacks
  24 wraiths
  9 ynoxinuls
  2 ice dragon skeletons
  64 yaks
  9 fire bats
  A hog (shapeshifter) (Elf:2)
  5 hogs (Shoals:4)
  A hungry ghost (D:11)
  A golden eye (shapeshifter) (Abyss:2)
  3 basilisks
  36 fire elementals
  4 humans (Vaults:1)
  7 chaos spawn
  3 wargs
  2 vampire mosquitoes (D:14)
  4 neqoxecs
  Menkaure (D:7)
  3 soldier ants (shapeshifter)
  3 spatial vortices
  65 nagas
  39 hell hounds
  An ogre zombie (Vaults:1)
  An elf zombie (Vaults:1)
  16 water moccasins
  2 acid dragons
  A spiny frog zombie (Hell)
  2 tengu zombies
  A hydra simulacrum (Hell)
  Duvessa (D:4)
  2 floating eyes
  10 porcupines
  A deep troll skeleton (Vaults:3)
  A sky beast (Abyss:2)
  A hornet zombie (D:11)
  An ice beast (D:6)
  4 black bears
  4 spiny frog skeletons
  An eye of draining (shapeshifter) (Depths:1)
  51 orc warriors
  An eye of draining (D:14)
  A lindwurm zombie (Crypt:1)
  48 ogres
  5 phantoms
  2 snapping turtle zombies
  A black mamba simulacrum (Crypt:1)
  11 necrophages
  A swamp dragon skeleton (Geh:7)
  5 boggarts (Depths:2)
  6 wolves
  17 centaurs
  2 snapping turtle skeletons
  28 small abominations
  11 crocodiles
  A yaktaur zombie (Vaults:1)
  3 big kobolds
  Blork the orc (D:5)
  22 bullfrogs
  9 earth elementals
  A gnoll sergeant (D:8)
  Dowan (D:4)
  An elf skeleton (Geh:4)
  A glowing shapeshifter simulacrum (Vaults:3)
  A wyvern skeleton (D:13)
  A wyvern zombie (D:6)
  8 scorpions
  A troll zombie (Geh:1)
  41 killer bees
  A manticore simulacrum (Crypt:1)
  57 wights
  8 howler monkeys
  3 electric eels
  14 crimson imps
  A black bear zombie (Crypt:1)
  7 quasits
  5 hounds
  8 jellies
  A bullfrog zombie (D:6)
  26 orc priests
  29 orc wizards
  6 bullfrog skeletons
  3 iron imps
  3 iguanas
  7 hell rats
  14 worker ants
  A hound skeleton (D:6)
  A howler monkey zombie (D:10)
  3 gnolls (D:8)
  12 adders
  3 shadow imps
  5 white imps
  3 ufetubi
  8 oozes
  An adder zombie (D:5)
  A worm (D:3)
  2 dart slugs
  5 leopard geckos
  119 orcs
  4 ball pythons
  3 bats
  3 giant cockroaches
  5 goblins
  9 hobgoblins
  12 jackals
  5 quokkas
  2 frilled lizards
  A frilled lizard skeleton (Crypt:1)
  A jackal zombie (D:5)
  32 kobolds
  A leopard gecko zombie (D:7)
  6 rats
  A bush (Lair:3)
  A crawling corpse (Elf:3)
  2 fire vortices
  A fungus (Lair:3)
  A lurking horror (Abyss:3)
  12 plants
  21 starspawn tentacles
  4 tentacles
3382 creatures vanquished.

Vanquished Creatures (collateral kills)
  A water nymph (Shoals:4)
1 creature vanquished.

Vanquished Creatures (others)
  A caustic shrike (Depths:3)
  A quicksilver dragon (Vaults:5)
  2 frost giants
  2 vault wardens
  5 stone giants
  A deep elf demonologist (Vaults:5)
  3 merfolk javelineers
  A deep elf death mage (Elf:3)
  2 yaktaur captains (Vaults:4)
  A hydra (Lair:6)
  A centaur warrior (Depths:2)
  2 ice dragons
  The ghost of Gitz the Cleaver, a novice MiFi of the Shining One (D:8)
  A vampire mage (Abyss:1)
  4 hell hogs
  2 naga sharpshooters
  A shock serpent (Snake:4)
  A skeletal warrior (Vaults:3)
  A storm dragon skeleton (Geh:7)
  A deep troll (Depths:3)
  An unseen horror (D:13)
  The ghost of bionis the Chopper, a novice HOFi of Uskayaw (D:6)
  2 ironbrand convokers
  7 deep elf archers
  A necromancer (Vaults:1)
  An orc knight (Orc:2)
  A salamander (Snake:3)
  3 cyclopes
  A faun (Shoals:1)
  A manticore (Shoals:1)
  A gargoyle (D:10)
  16 yaktaurs
  A red devil (Volcano)
  2 shadows
  A flying skull (Geh:6)
  A large abomination (Abyss:2)
  A fire bat (Abyss:4)
  A warg (Vaults:5)
  A small abomination (Abyss:3)
  6 orc warriors
  An ogre (Vaults:5)
  8 centaurs
  A killer bee (Depths:3)
  An electric eel (D:9)
  An orc wizard (D:9)
  10 orcs
  A kobold (D:8)
  A quokka (D:9)
  A fire vortex (Geh:7)
  17 fungi
  4 lurking horrors
  15 plants
  36 starspawn tentacles
  14 tentacles
195 creatures vanquished.

Grand Total: 3578 creatures vanquished

Notes
Turn   | Place    | Note
-------+----------+-------------------------------------------
     0 | Abyss:1  | Gargoyl the Minotaur Abyssal Knight began the quest for the Orb.
     0 | Abyss:1  | Reached XP level 1. HP: 19/19 MP: 1/1
     5 | Abyss:1  | Found a corrupted altar of Lugonu.
    93 | Abyss:2  | Noticed a spatial vortex
    95 | D:1      | Escaped the Abyss
   435 | D:1      | Reached XP level 2. HP: 27/27 MP: 2/2
   475 | D:1      | Reached * piety under Lugonu
   702 | D:1      | You fall through a shaft!
   772 | D:2      | Found a hazy altar of Hepliaklqana.
   877 | D:2      | Reached XP level 3. HP: 31/33 MP: 3/3
  1046 | D:2      | Found a bloodstained altar of Trog.
  1282 | D:2      | Found a deep blue altar of Sif Muna.
  1457 | D:3      | Reached XP level 4. HP: 37/40 MP: 4/4
  1642 | D:3      | Reached ** piety under Lugonu
  1668 | D:3      | Reached XP level 5. HP: 17/46 MP: 5/5
  2022 | D:4      | Found a staircase to the Ecumenical Temple.
  2100 | D:4      | Noticed Duvessa
  2104 | D:4      | Noticed Dowan
  2155 | D:4      | Reached skill level 1 in Shields
  2164 | D:5      | Entered Level 5 of the Dungeon
  2324 | D:5      | Noticed a centaur
  2337 | D:5      | Killed a centaur
  2337 | D:5      | Reached skill level 5 in Armour
  2337 | D:5      | Reached XP level 6. HP: 19/52 MP: 7/7
  2548 | D:5      | Found a stormy altar of Qazlal.
  2548 | D:5      | Found a shimmering altar of Xom.
  3080 | D:6      | Reached skill level 5 in Axes
  3080 | D:6      | Reached XP level 7. HP: 30/60 MP: 8/8
  3558 | D:4      | Killed Duvessa
  3570 | D:4      | Killed Dowan
  3649 | D:4      | Found a hide-covered altar of Uskayaw.
  4296 | D:4      | Reached XP level 8. HP: 66/67 MP: 10/10
  4418 | D:4      | Found a burning altar of Makhleb.
  4418 | D:4      | Found a shattered altar of Ashenzari.
  4579 | D:4      | Reached *** piety under Lugonu
  4995 | D:5      | Noticed Blork the orc
  5017 | D:5      | Killed Blork the orc
  5289 | D:5      | Found a blossoming altar of Fedhas.
  5663 | D:6      | Found Cacur's Book Shop.
  5770 | D:6      | Reached skill level 5 in Fighting
  5770 | D:6      | Reached skill level 5 in Shields
  5865 | D:6      | Noticed bionis's ghost (novice HOFi)
  5884 | D:6      | Banished bionis's ghost
  5884 | D:6      | Reached XP level 9. HP: 42/74 MP: 4/11
  6137 | D:6      | Reached skill level 5 in Invocations
  7042 | D:7      | Found Cusmigel's General Store.
  7045 | D:7      | Bought a potion of curing for 30 gold pieces
  7050 | D:7      | Found Net Nost's Antique Armour Boutique.
  7058 | D:7      | Bought a glowing buckler for 165 gold pieces
  7069 | D:7      | Bought a pair of glowing gloves for 165 gold pieces
  7154 | D:7      | Noticed Menkaure
  7160 | D:7      | Killed Menkaure
  7179 | D:7      | Found an opulent altar of Gozag.
  7469 | D:7      | Reached **** piety under Lugonu
  8289 | D:8      | Killed an unseen horror
  8289 | D:8      | Reached skill level 1 in Throwing
  8289 | D:8      | Reached XP level 10. HP: 42/83 MP: 13/13
  8420 | D:8      | Noticed Gitz's ghost (novice MiFi)
  8537 | D:8      | Banished Gitz's ghost
  9073 | D:8      | Noticed a purple ugly thing
  9095 | D:8      | Killed a purple ugly thing
  9095 | D:8      | Reached skill level 10 in Armour
 10059 | D:8      | Noticed a two-headed ogre
 10066 | D:8      | Killed a two-headed ogre
 10066 | D:8      | Reached skill level 10 in Axes
 10423 | D:9      | Found a sparkling altar of Nemelex Xobeh.
 10482 | D:9      | HP: 2/84 [orc warrior/halberd (4)]
 11288 | D:9      | Reached XP level 11. HP: 91/91 MP: 15/15
 12257 | D:9      | Found a staircase to the Orcish Mines.
 12491 | D:10     | Entered Level 10 of the Dungeon
 12510 | D:10     | Reached ***** piety under Lugonu
 13067 | D:10     | Found a staircase to the Lair.
 13611 | D:10     | Found a runed door.
 13611 | D:10     | Noticed a stone giant
 13611 | D:10     | Noticed a deep troll
 13612 | D:10     | Noticed a deep elf mage
 13613 | D:10     | Noticed a tengu reaver
 13613 | D:10     | Noticed a frost giant
 13613 | D:10     | Noticed a flayed ghost
 13613 | D:10     | Noticed a fire giant
 13633 | D:10     | Killed a stone giant
 13921 | D:11     | Banished a frost giant
 14205 | D:11     | Killed a flayed ghost
 14510 | D:10     | Banished a tengu reaver
 14856 | D:10     | Killed a deep elf mage
 14859 | D:10     | Killed a deep troll
 15019 | D:10     | Reached XP level 12. HP: 46/101 MP: 17/17
 15021 | D:10     | Got a sparkling emerald amulet
 15271 | D:10     | Banished a fire giant
 15279 | D:10     | Got a jewelled trident
 15280 | D:10     | Identified the +6 trident of Exquisite Death {pierce, rF- rN+ Dex+4} (You found it on level 10 of the Dungeon)
 15668 | D:10     | Noticed a two-headed ogre
 15677 | D:10     | Killed a two-headed ogre
 15957 | Lair:1   | Entered Level 1 of the Lair of Beasts
 16276 | Lair:1   | Identified the amulet "Edesogast" {Spirit rF++ Int-3 Dex+4} (You took it off an orc warrior on level 10 of the Dungeon)
 16659 | Lair:1   | Got a bloodstained chain mail
 16900 | Lair:1   | Identified the +1 chain mail "Ruep" {Regen+ Int+8} (You found it on level 1 of the Lair of Beasts)
 17183 | Lair:2   | Found a staircase to the Snake Pit.
 17396 | Lair:2   | Found a dark tunnel.
 17408 | Volcano  | Entered a volcano
 17582 | Volcano  | Reached skill level 10 in Invocations
 18809 | Lair:3   | Reached skill level 10 in Shields
 18966 | Lair:3   | Found a staircase to the Shoals.
 19602 | Lair:3   | Reached XP level 13. HP: 110/110 MP: 19/19
 21698 | Lair:5   | Gained mutation: You tend to lose your temper in combat. [potion of mutation]
 21698 | Lair:5   | Gained mutation: You are resistant to hostile enchantments. (MR+) [potion of mutation]
 21698 | Lair:5   | Gained mutation: Your mind is acute. (Int +2) [potion of mutation]
 21698 | Lair:5   | Gained mutation: You are partially covered in slimy green scales. (AC +2) [potion of mutation]
 21699 | Lair:5   | Lost mutation: You tend to lose your temper in combat. [potion of mutation]
 21699 | Lair:5   | Lost mutation: You are resistant to hostile enchantments. (MR+) [potion of mutation]
 21699 | Lair:5   | Gained mutation: You are weak. (Str -2) [potion of mutation]
 21699 | Lair:5   | Lost mutation: You are partially covered in slimy green scales. (AC +2) [potion of mutation]
 21699 | Lair:5   | Gained mutation: Your body sometimes deteriorates upon taking damage. [potion of mutation]
 21699 | Lair:5   | Gained mutation: You are somewhat resistant to further mutation. [potion of mutation]
 23523 | Lair:5   | Reached skill level 10 in Fighting
 23859 | Lair:5   | Lost mutation: Your body sometimes deteriorates upon taking damage. [potion of mutation]
 23859 | Lair:5   | Lost mutation: You are weak. (Str -2) [potion of mutation]
 23859 | Lair:5   | Lost mutation: Your mind is acute. (Int +2) [potion of mutation]
 23860 | Lair:5   | Lost mutation: You are somewhat resistant to further mutation. [potion of mutation]
 23860 | Lair:5   | Gained mutation: You are partially covered in icy blue scales. (AC +2) [potion of mutation]
 23860 | Lair:5   | Gained mutation: You have sharp toenails. [potion of mutation]
 23860 | Lair:5   | Gained mutation: You have razor-sharp toenails. [potion of mutation]
 23904 | Lair:6   | Entered Level 6 of the Lair of Beasts
 24029 | Lair:6   | Reached skill level 15 in Armour
 25080 | Lair:6   | Reached XP level 14. HP: 107/121 MP: 21/21
 25290 | Lair:6   | Found a viscous altar of Jiyva.
 25294 | Lair:6   | Found a staircase to the Slime Pits.
 26112 | Lair:6   | Reached ****** piety under Lugonu
 26237 | Lair:6   | Got a faintly glowing tin ring
 26246 | Lair:6   | Identified the ring "Haoqon" {rF++ Int+3 Dex+4} (You found it on level 6 of the Lair of Beasts)
 26824 | Orc:1    | Entered Level 1 of the Orcish Mines
 26936 | Orc:1    | Found Oplos's Jewellery Shoppe.
 26994 | Orc:1    | Bought the cursed ring of Fukkuf {rPois rN+ Int-2} for 142 gold pieces
 26997 | Orc:1    | Identified a scroll of acquirement
 27055 | Orc:2    | Entered Level 2 of the Orcish Mines
 27065 | Orc:2    | Reached skill level 15 in Axes
 28405 | Orc:2    | Found Cuurusen's Antique Armour Emporium.
 28405 | Orc:2    | Found Yxtuthri's Magic Scroll Boutique.
 28407 | Orc:2    | Found Guwnuj's Food Shop.
 28409 | Orc:2    | Found Hessawupn's Armour Shoppe.
 28424 | Orc:2    | Bought a scroll of acquirement for 624 gold pieces
 28424 | Orc:2    | Bought a scroll of enchant armour for 90 gold pieces
 28428 | Orc:2    | Got a slimy hat
 28434 | Orc:2    | Identified the +4 hat of Pusuwk {Regen+ Str+7 Int-4} (You acquired it on level 2 of the Orcish Mines)
 28453 | Orc:2    | Found a staircase to the Elven Halls.
 29422 | D:12     | Reached XP level 15. HP: 130/130 MP: 23/23
 30285 | D:13     | Noticed Sonja
 30310 | D:13     | Killed Sonja
 30417 | D:13     | Gained mutation: Your muscles are strong. (Str +2) [mutagenic meat]
 30418 | D:13     | Gained mutation: You can translocate small distances at will. [mutagenic meat]
 30533 | D:13     | Found a blossoming altar of Fedhas.
 30949 | D:14     | Noticed Azrael
 30995 | D:14     | Killed Azrael
 31038 | D:14     | Noticed Roxanne
 31077 | D:14     | Killed Roxanne
 31279 | D:14     | Noticed Louise
 31325 | D:14     | Killed Louise
 31717 | D:14     | Found a gate to the Vaults.
 31923 | D:14     | Noticed LittCuttar's ghost (journeyman MiFi)
 31947 | D:14     | Killed LittCuttar's ghost
 32070 | D:15     | Entered Level 15 of the Dungeon
 32256 | D:15     | Found a runed door.
 32261 | D:15     | Noticed a storm dragon
 32262 | D:15     | Noticed a fire giant
 32293 | D:15     | Killed a storm dragon
 32293 | D:15     | Killed a fire giant
 32293 | D:15     | Reached XP level 16. HP: 66/141 MP: 24/24
 32300 | D:15     | Gained mutation: You are partially covered in slimy green scales. (AC +2) [mutagenic meat]
 32301 | D:15     | Gained mutation: You have a pair of large horns on your head. [mutagenic meat]
 33055 | D:15     | Found a staircase to the Depths.
 33565 | Snake:1  | Entered Level 1 of the Snake Pit
 33695 | Snake:1  | Noticed tailblues's ghost (adept DgWz)
 33772 | Snake:1  | Killed tailblues's ghost
 34140 | Snake:1  | Noticed Nikola
 34165 | Snake:1  | Killed Nikola
 34174 | Snake:1  | Got a pair of brightly glowing gloves
 34474 | Snake:1  | Identified the +0 pair of gloves "Ume Ruof" {-Tele MR+ Dex+2 Slay+2} (You took it off Nikola on level 1 of the Snake Pit)
 34683 | Snake:1  | Reached skill level 1 in Evocations
 35515 | Snake:2  | Got a pitted glaive
 35648 | Snake:2  | Reached skill level 15 in Shields
 37159 | Snake:2  | Gained mutation: You are mostly covered in icy blue scales. (AC +3) [mutagenic meat]
 37161 | Snake:2  | Lost mutation: Your muscles are strong. (Str +2) [mutagenic meat]
 37453 | Snake:2  | Gained mutation: You are frail. (-10% HP) [mutagenic meat]
 37454 | Snake:2  | Lost mutation: You are mostly covered in icy blue scales. (AC +3) [mutagenic meat]
 37455 | Snake:2  | Gained mutation: Your natural rate of healing is unusually fast. [mutagenic meat]
 37914 | Snake:2  | Reached XP level 17. HP: 124/135 MP: 26/26
 38709 | Snake:4  | Entered Level 4 of the Snake Pit
 41116 | Snake:4  | Got a serpentine rune of Zot
 41421 | Vaults:1 | Entered Level 1 of the Vaults
 41677 | Vaults:1 | Reached XP level 18. HP: 112/144 MP: 28/28
 42432 | Vaults:1 | Reached skill level 15 in Invocations
 43072 | Vaults:1 | Reached skill level 15 in Fighting
 43241 | Vaults:1 | Found Nefett's Jewellery Shop.
 43486 | Vaults:1 | Lost mutation: You are frail. (-10% HP) [mutagenic meat]
 43488 | Vaults:1 | Gained mutation: Your spells are a little easier to cast, but a little less powerful. [mutagenic meat]
 43736 | Vaults:1 | Found a gateway to a bazaar.
 44123 | Vaults:2 | Reached XP level 19. HP: 148/170 MP: 29/29
 44332 | Vaults:2 | Gained mutation: You possess an exceptional clarity of mind. [mutagenic meat]
 44333 | Vaults:2 | Lost mutation: You possess an exceptional clarity of mind. [mutagenic meat]
 44334 | Vaults:2 | Gained mutation: You heal very quickly. [mutagenic meat]
 44469 | Vaults:2 | Gained mutation: You are frail. (-10% HP) [mutagenic meat]
 44470 | Vaults:2 | Lost mutation: You are partially covered in slimy green scales. (AC +2) [mutagenic meat]
 44471 | Vaults:2 | Lost mutation: You have a pair of large horns on your head. [mutagenic meat]
 44472 | Vaults:2 | Gained mutation: You are clumsy. (Dex -2) [mutagenic meat]
 44474 | Vaults:2 | Gained mutation: You have a beak for a mouth. [mutagenic meat]
 44502 | Vaults:2 | Found a roughly hewn altar of Beogh.
 44718 | Vaults:2 | You fall through a shaft for 2 floors!
 45543 | Vaults:2 | Lost mutation: You heal very quickly. [mutagenic meat]
 45544 | Vaults:2 | Lost mutation: You have razor-sharp toenails. [mutagenic meat]
 45567 | Vaults:2 | Gained mutation: Your flesh is heat resistant. (rF+) [mutagenic meat]
 45568 | Vaults:2 | Gained mutation: You are weak. (Str -2) [mutagenic meat]
 45574 | Vaults:2 | Lost mutation: Your spells are a little easier to cast, but a little less powerful. [mutagenic meat]
 46715 | Vaults:3 | Noticed Frederick
 46718 | Vaults:3 | Reached XP level 20. HP: 157/162 MP: 31/31
 46812 | Vaults:2 | Killed Frederick
 47079 | Vaults:3 | Lost mutation: Your natural rate of healing is unusually fast. [mutagenic meat]
 47080 | Vaults:3 | Lost mutation: You are clumsy. (Dex -2) [mutagenic meat]
 47081 | Vaults:3 | Gained mutation: Your spells are a little harder to cast, but a little more powerful. [mutagenic meat]
 47082 | Vaults:3 | Gained mutation: Armour fits poorly on your strangely shaped body. [mutagenic meat]
 47110 | Vaults:3 | Gained mutation: You are dopey. (Int -2) [mutagenic meat]
 47111 | Vaults:3 | Gained mutation: You possess an exceptional clarity of mind. [mutagenic meat]
 47112 | Vaults:3 | Gained mutation: Your flesh is very heat resistant. (rF++) [mutagenic meat]
 47726 | Vaults:3 | Found a staircase to the Crypt.
 48739 | Vaults:4 | Noticed Sojobo
 49410 | Vaults:4 | Paralysed by an ogre mage for 2 turns
 49528 | Vaults:4 | Gained mutation: You are very frail. (-20% HP) [mutagenic meat]
 49916 | Vaults:5 | Entered Level 5 of the Vaults
 49917 | Vaults:5 | Corrupted Vaults:5
 49918 | Vaults:5 | Noticed a golden dragon
 50249 | Shoals:1 | Entered Level 1 of the Shoals
 50434 | Shoals:1 | Found Fusosufi's Food Emporium.
 51319 | Shoals:2 | Reached XP level 21. HP: 106/152 MP: 32/32
 52430 | Shoals:3 | Noticed Polyphemus
 52444 | Shoals:3 | Killed Polyphemus
 52800 | Shoals:4 | Entered Level 4 of the Shoals
 52800 | Shoals:4 | Noticed letownia's ghost (adept OpTm)
 52847 | Shoals:4 | Killed letownia's ghost
 53020 | Shoals:4 | Noticed Kirke
 53711 | Shoals:4 | Noticed Ilsuiw
 54022 | Shoals:4 | Killed Kirke
 54106 | Shoals:4 | Got a barnacled rune of Zot
 54179 | Shoals:4 | Killed Ilsuiw
 54277 | Shoals:4 | Found Hecucic's Food Emporium.
 55082 | Vaults:5 | Noticed bartek7090's ghost (veteran GrFi)
 55132 | Vaults:5 | Cast into level 3 of the Abyss (a lich)
 55474 | Abyss:3  | Found a corrupted altar of Lugonu.
 55513 | Vaults:5 | Escaped the Abyss
 55523 | Vaults:5 | Gained mutation: You are very dopey. (Int -4) [a neqoxec]
 55545 | Vaults:5 | Reached XP level 22. HP: 44/160 MP: 25/33
 55798 | Vaults:5 | Noticed Jory
 55919 | Vaults:4 | Killed Sojobo
 56696 | Vaults:4 | Killed Jory
 57661 | Vaults:5 | Noticed an ancient lich
 57676 | Vaults:4 | Killed an ancient lich
 58341 | Vaults:5 | Reached XP level 23. HP: 64/166 MP: 35/35
 58897 | Vaults:5 | Got a bound golden ring
 58949 | Vaults:5 | Killed bartek7090's ghost
 58973 | Vaults:5 | Got a ring of the Octopus King
 59036 | Vaults:4 | Identified the ring "Vixeosistru" {+Inv rF- MP+9 Str+4 Stlth+} (You took it off a tengu reaver on level 5 of the Vaults)
 59038 | Vaults:4 | Identified a ring of the Octopus King {AC+1 EV+1 Str+1 Int+1 Dex+1 SInv} (You took it off a vault warden on level 5 of the Vaults)
 59481 | Vaults:5 | Got a brightly glowing plate armour
 59486 | Vaults:5 | Identified the Papyrus of Shifting Execration
 59506 | Vaults:5 | Identified the cursed +1 plate armour "Margh" {rF+++ MR+ Str+4 Int-3} (You found it on level 5 of the Vaults)
 59506 | Vaults:5 | Lost intelligence.
 59642 | Vaults:5 | Identified a +2 pair of boots of running (You found it on level 5 of the Vaults)
 59703 | Vaults:5 | Got a silver rune of Zot
 60244 | Crypt:1  | Entered Level 1 of the Crypt
 61076 | Depths:1 | Entered Level 1 of the Depths
 61207 | Depths:1 | Found a gateway to Hell.
 61351 | Depths:1 | Lost intelligence.
 61402 | Depths:1 | Lost mutation: Armour fits poorly on your strangely shaped body. [mutagenic meat]
 61418 | Depths:1 | Lost mutation: Your spells are a little harder to cast, but a little more powerful. [mutagenic meat]
 61420 | Depths:1 | Lost mutation: You possess an exceptional clarity of mind. [mutagenic meat]
 61494 | Depths:1 | Lost intelligence.
 61496 | Depths:1 | Lost mutation: You have sharp toenails. [potion of mutation]
 61496 | Depths:1 | Lost mutation: You are weak. (Str -2) [potion of mutation]
 61496 | Depths:1 | Lost mutation: You are partially covered in icy blue scales. (AC +2) [potion of mutation]
 61496 | Depths:1 | Lost mutation: You are very dopey. (Int -4) [potion of mutation]
 61496 | Depths:1 | Gained mutation: You have large cloven feet. [potion of mutation]
 61496 | Depths:1 | Gained mutation: You are agile. (Dex +2) [potion of mutation]
 61642 | Depths:1 | Gained mutation: You expend magic power (3 MP) to strengthen your wands. [mutagenic meat]
 61999 | Depths:1 | Lost mutation: You can translocate small distances at will. [potion of mutation]
 61999 | Depths:1 | Lost mutation: You are agile. (Dex +2) [potion of mutation]
 61999 | Depths:1 | Lost mutation: You have large cloven feet. [potion of mutation]
 61999 | Depths:1 | Gained mutation: Scrolls take you a little longer to read. [potion of mutation]
 61999 | Depths:1 | Gained mutation: You have a pair of large horns on your head. [potion of mutation]
 62206 | Depths:2 | Found Tackeuc's Antique Armour Boutique.
 62329 | Depths:2 | Gained mutation: Potions are less effective at restoring your health. [mutagenic meat]
 62330 | Depths:2 | Gained mutation: You have an increased reservoir of magic. (+10% MP) [mutagenic meat]
 62332 | Depths:2 | Lost mutation: You are dopey. (Int -2) [mutagenic meat]
 62435 | Depths:2 | Noticed Asterion
 62768 | Depths:2 | Paralysed by something for 6 turns
 62787 | Depths:1 | Killed Asterion
 62948 | Depths:2 | Got a vibrating amber ring
 63054 | Depths:2 | Noticed Jorgrun
 63061 | Depths:2 | Paralysed by a floating eye for 3 turns
 63082 | Depths:2 | Killed Jorgrun
 63106 | Depths:2 | Gained mutation: Your flesh is cold resistant. (rC+) [mutagenic meat]
 63238 | Depths:2 | Reached XP level 24. HP: 102/176 MP: 39/39
 63577 | Depths:2 | Identified the ring "Bafitim" {Int+4 Dex+2 Stlth+} (You took it off an ogre mage on level 2 of the Depths)
 63800 | Depths:2 | Lost mutation: Potions are less effective at restoring your health. [mutagenic meat]
 63814 | Depths:2 | Gained mutation: Your spells are a little easier to cast, but a little less powerful. [mutagenic meat]
 63815 | Depths:2 | Gained mutation: Your muscles are strong. (Str +2) [mutagenic meat]
 63957 | Depths:2 | Gained mutation: You are extremely frail. (-30% HP) [mutagenic meat]
 63959 | Depths:2 | Gained mutation: You tend to lose your temper in combat. [mutagenic meat]
 64179 | Depths:2 | Identified Januf's Compendium of Unstable Heat
 64272 | Depths:2 | Found a one-way gate to the infinite horrors of the Abyss.
 64984 | Depths:3 | Found a runed door.
 65854 | Depths:3 | Paralysed by something for 5 turns
 66940 | Depths:3 | Noticed a juggernaut
 67368 | Depths:2 | Paralysed by a lich for 2 turns
 67378 | Depths:2 | Killed a juggernaut
 68178 | Depths:3 | Reached XP level 25. HP: 132/161 MP: 39/39
 68309 | Depths:3 | Lost mutation: You have a pair of large horns on your head. [potion of mutation]
 68309 | Depths:3 | Lost mutation: You are extremely frail. (-30% HP) [potion of mutation]
 68309 | Depths:3 | Lost mutation: You are very frail. (-20% HP) [potion of mutation]
 68309 | Depths:3 | Lost mutation: Your flesh is very heat resistant. (rF++) [potion of mutation]
 68309 | Depths:3 | Lost mutation: You expend magic power (3 MP) to strengthen your wands. [potion of mutation]
 68309 | Depths:3 | Lost mutation: Your spells are a little easier to cast, but a little less powerful. [potion of mutation]
 68309 | Depths:3 | Gained mutation: You are resistant to electric shocks. (rElec) [potion of mutation]
 68309 | Depths:3 | Gained mutation: Your muscles are very strong. (Str +4) [potion of mutation]
 68677 | Depths:3 | Got an ancient jade amulet
 68722 | Depths:3 | Identified the amulet "Plog" {Reflect rC- rN++ SH+2} (You took it off an ogre mage on level 3 of the Depths)
 68749 | Depths:3 | Noticed a juggernaut
 68750 | Depths:3 | Found a one-way gate leading to the halls of Pandemonium.
 68770 | Depths:3 | Killed a juggernaut
 68890 | Depths:3 | Identified Wuekk's Papyrus of Venomous Clay
 68895 | Depths:3 | Identified the Tome of Shape Shifting
 68994 | Depths:3 | Got a bone war axe
 68995 | Depths:3 | Identified the +1 war axe "Xaub" {chop, *Noise rN+++ Str+7} (You found it on level 3 of the Depths)
 69117 | Depths:3 | Voluntarily entered the Abyss.
 69797 | Depths:3 | Escaped the Abyss
 69923 | Depths:3 | Voluntarily entered the Abyss.
 70254 | Abyss:1  | Noticed an ancient lich
 70263 | Abyss:1  | Killed an ancient lich
 70362 | Abyss:1  | Noticed an ancient lich
 70375 | Abyss:1  | Killed an ancient lich
 71307 | Depths:3 | Escaped the Abyss
 71478 | Depths:3 | Voluntarily entered the Abyss.
 71526 | Abyss:1  | Found a corrupted altar of Lugonu.
 71561 | Abyss:1  | Found a corrupted altar of Lugonu.
 71561 | Abyss:1  | Found a corrupted altar of Lugonu.
 71768 | Abyss:2  | Found a corrupted altar of Lugonu.
 72094 | Depths:3 | Escaped the Abyss
 72621 | Elf:1    | Entered Level 1 of the Elven Halls
 72779 | Elf:1    | Found a flickering gateway to a bazaar.
 72812 | Bazaar   | Entered a bazaar
 72814 | Bazaar   | Found Itrutoba's Book Boutique.
 72814 | Bazaar   | Found Ruywk's Jewellery Boutique.
 72841 | Bazaar   | Found Ymoetyv's Armour Shop.
 72890 | Bazaar   | Found Leinusk's Distillery.
 72930 | Bazaar   | Bought a manual of Fighting for 1766 gold pieces
 73176 | Elf:1    | Reached XP level 26. HP: 217/217 MP: 40/40
 74034 | Elf:2    | Found an ancient bone altar of Kikubaaqudgha.
 74281 | Elf:2    | Noticed Saint Roka
 74323 | Elf:2    | Killed Saint Roka
 74670 | Elf:2    | Found a runed gate.
 74670 | Elf:2    | Found a runed gate.
 74671 | Elf:2    | Found a runed gate.
 75057 | Elf:2    | Reached skill level 27 in Shields
 75260 | Elf:3    | Entered Level 3 of the Elven Halls
 75834 | Elf:3    | Cast into level 3 of the Abyss (a deep elf sorcerer)
 75881 | Abyss:3  | Paralysed by a great orb of eyes for 2 turns
 75911 | Elf:3    | Escaped the Abyss
 76401 | Elf:3    | Identified the Tome of Shifting Enhancements
 76562 | Elf:3    | Got a transparent broad axe
 76573 | Elf:3    | Identified the cursed +1 broad axe "Pupuosa Tude" {freeze, rPois} (You found it on level 3 of the Elven Halls)
 76599 | Elf:3    | Identified Taoqydonir's Guide on Shifting Poisoning
 77190 | Depths:3 | Voluntarily entered the Abyss.
 78070 | Depths:3 | Escaped the Abyss
 78188 | Depths:3 | Voluntarily entered the Abyss.
 78435 | Abyss:1  | Found a corrupted altar of Lugonu.
 78927 | Abyss:1  | Reached XP level 27. HP: 232/232 MP: 40/40
 79005 | Abyss:2  | Found a shadowy altar of Dithmenos.
 79280 | Abyss:4  | Found a corrupted altar of Lugonu.
 79367 | Abyss:5  | Entered Level 5 of the Abyss
 79492 | Abyss:5  | Gained mutation: Your spells are a little easier to cast, but a little less powerful. [a neqoxec]
 79640 | Abyss:5  | Paralysed by a great orb of eyes for 2 turns
 79751 | Abyss:5  | Paralysed by accursed screaming for 1 turns
 79765 | Abyss:5  | Paralysed by accursed screaming for 1 turns
 79769 | Depths:3 | Escaped the Abyss
 79812 | Depths:3 | Lost mutation: Your muscles are very strong. (Str +4) [mutagenic meat]
 80187 | Hell     | Entered the Vestibule of Hell
 80187 | Hell     | Noticed Geryon
 81126 | Hell     | Killed Geryon
 81219 | Hell     | Found a gateway to the decaying netherworld of Tartarus.
 81232 | Hell     | Lost intelligence.
 81299 | Depths:3 | Lost intelligence.
 81455 | Hell     | Found a gateway to the ashen valley of Gehenna.
 81604 | Hell     | Found a gateway to the Iron City of Dis.
 81664 | Hell     | Found a gateway to the freezing wastes of Cocytus.
 81994 | Geh:1    | Entered Level 1 of Gehenna
 85339 | Geh:3    | You fall through a shaft!
 85826 | Geh:5    | You fall through a shaft!
 86152 | Abyss:1  | Found a corrupted altar of Lugonu.
 86300 | Geh:6    | Escaped the Abyss
 86442 | Geh:7    | Entered Level 7 of Gehenna
 87224 | Geh:7    | Reached skill level 27 in Fighting
 87901 | Geh:7    | Reached skill level 27 in Axes
 87959 | Geh:7    | Got a slimy buckler
 87962 | Geh:7    | Identified the +3 buckler of Woteregg {*Contam rC- Regen+ Str+8} (You found it on level 7 of Gehenna)
 88309 | Geh:7    | Escaped the Abyss
 88708 | Geh:7    | Reached skill level 27 in Armour
 88833 | Geh:7    | Noticed Asmodeus
 88844 | Geh:7    | Killed from afar by a Brimstone Fiend

Skill      XL: |  1  2  3  4  5  6  7  8  9 10 11 12 13 14 15 16 17 18 19 20 21 22 23 24 25 26 27 |
---------------+----------------------------------------------------------------------------------+-----
Fighting       | 4 5 6 7 8 10 11 12 13 14 15 16 17 18 19 20 23 27 | 27.0
Armour         | 3 4 5 6 8 9 10 12 14 15 16 17 18 19 20 21 22 23 24 27 | 27.0
Axes           | 3 4 5 6 7 9 10 11 12 14 15 16 17 18 19 20 21 22 23 27 | 27.0
Invocations    | 2 3 4 6 7 8 10 11 12 13 14 15 16 17 18 19 20 21 23 | 23.2
Shields        | 1 2 3 5 7 8 9 10 11 12 14 15 17 18 19 20 22 23 24 25 26 27 | 27.0
Dodging        | 2 3 4 |  4.5
Throwing       | 1 2 |  2.4
Evocations     | 1 |  1.0

Action                   |  1- 3 |  4- 6 |  7- 9 | 10-12 | 13-15 | 16-18 | 19-21 | 22-24 | 25-27 || total
-------------------------+-------+-------+-------+-------+-------+-------+-------+-------+-------++-------
Melee: Hand axe          |    99 |   187 |   463 |   565 |    16 |       |       |       |       ||  1330
       Headbutt          |     9 |    34 |    89 |   167 |   395 |   527 |   679 |   616 |  1349 ||  3865
       War axe           |       |       |       |   242 |  1190 |  1592 |  1808 |  1587 |  3494 ||  9913
       Kick              |       |       |       |       |   104 |       |       |       |       ||   104
       Trident           |       |       |       |       |     3 |       |       |       |       ||     3
       Peck              |       |       |       |       |       |       |   599 |   612 |  1302 ||  2513
       Broad axe         |       |       |       |       |       |       |       |     6 |       ||     6
Throw: Tomahawk          |       |     5 |     3 |     6 |       |       |       |       |       ||    14
       Javelin           |       |       |       |       |       |     6 |     4 |     2 |    15 ||    27
Invok: Depart the Abyss  |     1 |       |       |       |       |       |     1 |       |     7 ||     9
       Banish            |       |       |     1 |    15 |     2 |     9 |     7 |    16 |     5 ||    55
       Bend Space        |       |       |       |       |     3 |       |     8 |     3 |     2 ||    16
       Corrupt           |       |       |       |       |       |       |     1 |       |       ||     1
       Enter the Abyss   |       |       |       |       |       |       |       |       |     2 ||     2
Evoke: Wand              |       |       |       |     6 |       |     4 |     1 |       |       ||    11
  Use: Scroll            |     6 |     3 |     9 |     8 |    16 |     4 |    15 |    17 |    14 ||    92
       Potion            |     1 |     3 |     6 |     6 |     5 |     3 |     5 |    11 |     9 ||    49
 Stab: Invisible         |       |       |     6 |       |       |       |       |       |       ||     6
       Petrified         |       |       |       |       |     6 |       |       |       |       ||     6
       Petrifying        |       |       |       |       |     1 |       |       |       |       ||     1
       Distracted        |       |       |       |       |       |       |       |     1 |     4 ||     5
       Confused          |       |       |       |       |       |       |       |     1 |       ||     1
  Eat: Chunk             |     2 |     4 |    14 |    28 |    40 |    32 |    67 |    52 |    29 ||   268
       Bread ration      |       |       |     1 |     3 |     1 |     7 |     2 |     4 |     6 ||    24
       Royal jelly       |       |       |       |     1 |       |       |     1 |       |     3 ||     5
       Fruit             |       |       |       |       |     1 |       |       |       |     2 ||     3
       Meat ration       |       |       |       |       |       |       |       |     1 |     2 ||     3
Armor: Chain mail        |    73 |   112 |   198 |   118 |       |       |       |       |       ||   501
       Plate armour      |       |       |       |   177 |   537 |   348 |       |       |       ||  1062
       Skin              |       |       |       |     1 |       |       |       |       |       ||     1
       Crystal plate arm |       |       |       |       |       |   280 |   755 |   803 |  1583 ||  3421
Dodge: Dodged            |    44 |    20 |    78 |   228 |   261 |   287 |   331 |   272 |   865 ||  2386
Block: Large shield      |       |   115 |   256 |       |       |       |       |       |       ||   371
       Reflection        |       |       |    16 |    10 |    82 |   154 |   196 |   167 |   102 ||   727
       Buckler           |       |       |    64 |   263 |       |       |       |       |       ||   327
       Shield            |       |       |       |   113 |  1041 |  1520 |  1946 |  1692 |  4463 || 10775
